cohdb
Replays
Latest Replays
All Replays
Popular Replays
Top Player Replays
Match Explorer
How It Works
Community
CoH3 Stats
Reddit
Sign in to upload your games and track your stats! →
Sign in with Steam
Match 45163570
Unlisted
Match 45163570
Overview
Messages
Build Orders
End
Selects Italian Coastal Battlegroup
Selects Coastal Reserves
Coastal Reserve
Construct Infanterie Kompanie
Coastal Reserve
Coastal Reserve
Coastal Reserve
Infanterie Officer Quarters
MG 42 Bunker
Coastal Reserve
Medical Bunker
Selects Support Bunkers
Construct Luftwaffe Kompanie
Jäger Squad
Jäger Squad
Selects Rapid Fortifications
Luftwaffe Officer Quarters
Jäger Squad
Rapid Fortifications
Selects Artillery Officer
Selects Coastal Wall
Repair Bunker
SwordDareDeal
likewind3
Learmonth
YUE
CPU - 전문가
CPU - 전문가
CPU - 전문가
CPU - 전문가
0
0
Comments
sign in to comment!
No comments posted yet!